Map: At Eternity's Edge LE

Players

legaim

  • Race: Protoss Protoss
  • League: Gold

preda - Winner!

  • Race: Zerg Zerg

VOD

Have the link to the VOD?

Description

Time

  • Played on: Aug. 5, 2026, 10:30 a.m.
  • Length: 20:46
Show
View Real Time Build Order
Export as new Build Order

legaim Protoss 

Build Orders:  

Get SALT Encoding   

  8  0:00  Probe (Chrono Boost)  
  9  0:14  Probe (Chrono Boost)  
  10  0:23  Pylon  
  10  0:29  Probe  
  11  0:42  Probe  
  12  0:54  Gateway  
  13  0:57  Probe  
  13  1:10  Probe (Chrono Boost)  
  14  1:18  Assimilator  
  14  1:28  Probe (Chrono Boost)  
  14  1:29  Gateway  
  15  1:37  Probe  
  16  1:45  Zealot  
  18  1:50  Probe  
  19  1:55  Cybernetics Core  
  19  2:04  Probe  
  19  2:05  Assimilator  
  20  2:12  Pylon  
  20  2:17  Probe  
  21  2:32  Warp Gate  
  21  2:33  Probe  
  22  2:39  Pylon  
  22  2:41  Adept  
  22  2:43  Adept  
  24  2:47  Probe  
  27  2:59  Probe  
  27  3:04  Twilight Council  
  28  3:14  Stalker  
  28  3:15  Probe  
  32  3:27  Probe (Chrono Boost)  
  32  3:30  Stalker  
  34  3:39  Probe (Chrono Boost)  
  35  3:41  Adept  
  37  3:55  Pylon  
  37  4:13  Probe  
  37  4:16  Nexus  
  40  4:23  Adept  
  42  4:26  Zealot  
  42  4:32  Pylon  
  38  4:56  Shield Battery  
  38  5:01  Probe  
  38  5:04  Dark Shrine  
  39  5:10  Gateway  
  39  5:12  Adept x2  
  43  5:28  Adept  
  43  5:32  Nexus  
  43  5:35  Pylon  
  45  5:46  Probe (Chrono Boost)  
  46  5:51  Charge  
  46  6:10  Assimilator  
  46  6:12  Shield Battery  
  46  6:14  Shield Battery  
  46  6:16  Dark Templar  
  46  6:17  Dark Templar x2  
  52  6:22  Probe (Chrono Boost)  
  53  6:29  Gateway  
  53  6:39  Forge  
  53  6:45  Dark Templar  
  55  6:51  Assimilator  
  55  7:08  Probe (Chrono Boost)  
  57  7:13  Probe (Chrono Boost)  
  57  7:15  Photon Cannon  
  57  7:16  Shield Battery x2  
  57  7:18  Probe (Chrono Boost)  
  57  7:21  Probe (Chrono Boost)  
  59  7:47  Zealot  
  59  7:48  Zealot x2, Probe  
  59  7:49  Probe  
  51  8:01  Probe x2, Zealot  
  51  8:16  Archon  
  51  8:18  Zealot x3  
  57  8:26  Gateway  
  57  8:27  Gateway  
  57  8:30  Protoss Ground Weapons Level 1  
  57  8:31  Zealot x2  
  62  8:35  Probe (Chrono Boost)  
  62  8:37  Dark Templar  
  62  8:38  Zealot  
  66  8:44  Probe (Chrono Boost)  
  67  8:51  Templar Archives  
  67  8:55  Probe  
  67  8:56  Probe  
  67  8:58  Zealot x2  
  73  9:07  Probe  
  74  9:18  Dark Templar  
  62  9:29  Dark Templar x5  
  66  9:36  Probe (Chrono Boost)  
  67  9:49  Probe x2 (Chrono Boost)  
  69  9:56  Probe (Chrono Boost)  
  69  9:57  Probe (Chrono Boost)  
  71  10:03  Psionic Storm  
  71  10:09  Nexus  
  71  10:13  Archon x2  
  71  10:14  Archon  
  71  10:19  High Templar  
  73  10:33  Pylon x2  
  73  10:47  Robotics Facility  
  73  10:51  High Templar x3, Zealot x2  
  81  11:00  Stargate  
  81  11:05  Zealot, Assimilator  
  83  11:12  High Templar x2  
  87  11:19  Pylon  
  87  11:21  Protoss Ground Armor Level 1  
  87  11:24  Pylon  
  87  11:31  Probe (Chrono Boost)  
  88  11:33  Probe (Chrono Boost), Robotics Facility  
  89  11:42  Probe  
  89  11:45  Probe  
  89  11:46  Zealot x4  
  99  11:50  Assimilator  
  99  11:54  Probe  
  100  11:57  Probe  
  90  12:40  Stargate  
  90  12:43  Nexus  
  90  12:46  Pylon  
  90  12:52  Pylon  
  90  13:00  Pylon  
  90  13:02  Pylon  
  90  13:03  Pylon x2  
  90  13:09  Photon Cannon  
  90  13:10  Probe (Chrono Boost)  
  91  13:14  Assimilator  
  92  13:20  Observer x2  
  92  13:22  Probe (Chrono Boost)  
  92  13:26  Fleet Beacon  
  94  13:29  Oracle x2  
  94  13:31  Probe (Chrono Boost)  
  101  13:43  Photon Cannon  
  101  13:47  Photon Cannon  
  101  13:50  Pylon  
  101  13:56  Shield Battery  
  101  13:59  Shield Battery  
  101  14:02  Shield Battery  
  103  14:03  Probe (Chrono Boost)  
  103  14:07  Probe (Chrono Boost)  
  102  14:12  Probe (Chrono Boost)  
  102  14:14  Tempest  
  107  14:24  Protoss Shields Level 1  
  107  14:29  Probe (Chrono Boost)  
  108  14:32  Probe (Chrono Boost)  
  108  14:47  Probe  
  108  14:50  Stalker x3  
  115  14:56  Assimilator  
  102  15:43  Probe (Chrono Boost), Nexus  
  102  15:53  Probe (Chrono Boost)  
  103  15:59  Tempest  
  103  16:00  Tempest  
  111  16:12  Nexus  
  104  16:42  Tempest  
  102  17:18  Tempest  
  102  17:20  Pylon  
  106  17:23  Pylon  
  106  17:24  Zealot x4  
  106  17:25  Zealot  
  116  17:36  Nexus  
  117  17:40  Probe (Chrono Boost)  
  117  17:43  Probe (Chrono Boost)  
  118  17:51  Photon Cannon  
  118  17:53  Photon Cannon x2  
  118  17:56  Pylon, Shield Battery  
  118  17:58  Shield Battery  
  118  18:24  Stalker x3  
  118  18:25  Stalker  
  126  18:27  Blink (Chrono Boost)  
  126  18:32  Probe x3  
  129  18:35  Assimilator  
  129  18:42  Assimilator  
  125  19:14  Zealot x4  
  125  19:15  Zealot  
  103  20:08  High Templar x3  
  103  20:09  High Templar, Zealot x2  
Show
View Real Time Build Order
Export as new Build Order

preda Zerg - Winner!

Build Orders: Hatch First, Lurkers 

Get SALT Encoding   

  8  0:02  Drone  
  9  0:10  Drone  
  10  0:18  Drone  
  11  0:22  Drone  
  12  0:34  Overlord  
  12  1:06  Drone  
  12  1:09  Hatchery  
  12  1:12  Drone  
  12  1:13  Drone  
  14  1:33  Spawning Pool  
  14  1:35  Drone  
  14  1:40  Drone  
  14  1:44  Extractor  
  14  1:54  Drone x2  
  16  2:05  Drone  
  17  2:11  Drone  
  18  2:18  Drone  
  18  2:21  Queen  
  21  2:25  Queen  
  23  2:32  Overlord  
  23  2:48  Drone  
  24  2:52  Drone x3  
  24  2:53  Drone  
  28  3:02  Metabolic Boost  
  28  3:10  Overlord  
  28  3:11  Drone x3  
  31  3:24  Drone  
  32  3:30  Zergling x10  
  32  3:31  Zergling x2  
  38  3:40  Drone x2  
  40  3:54  Hatchery  
  39  3:56  Drone  
  39  4:00  Overlord x2  
  40  4:04  Lair  
  40  4:16  Overlord  
  40  4:17  Overlord  
  40  4:19  Drone x4  
  40  4:23  Drone  
  44  4:49  Zergling x4  
  44  4:50  Zergling x12  
  44  4:51  Zergling x4  
  53  5:09  Hydralisk Den  
  53  5:11  Extractor  
  53  5:12  Overseer  
  51  5:15  Drone x5  
  51  5:16  Drone  
  57  5:23  Extractor  
  57  5:25  Extractor  
  57  5:27  Queen  
  57  5:43  Drone x2  
  57  5:44  Drone x3  
  57  5:45  Hydralisk x3  
  68  5:54  Drone x6  
  74  5:58  Overseer  
  74  6:05  Grooved Spines  
  74  6:22  Overseer  
  74  6:31  Drone  
  74  6:32  Overlord x2, Extractor  
  75  6:33  Overlord x2, Extractor  
  73  6:48  Overlord  
  73  6:49  Overlord, Hatchery  
  72  6:55  Muscular Augments  
  72  7:20  Spore Crawler  
  72  7:22  Spine Crawler  
  70  7:23  Drone x2  
  70  7:24  Drone x7  
  70  7:25  Drone x6  
  86  7:35  Overseer  
  85  7:37  Hydralisk x3  
  79  7:58  Hydralisk x3  
  71  7:59  Zergling x6  
  78  8:12  Hydralisk x3  
  84  8:35  Lurker Den  
  84  8:37  Evolution Chamber  
  82  8:47  Drone x4  
  82  8:48  Drone, Hydralisk x2  
  87  8:49  Hydralisk x2  
  87  8:52  Hatchery  
  94  8:56  Spine Crawler  
  91  9:10  Spine Crawler  
  91  9:11  Spore Crawler  
  74  9:26  Hydralisk x6  
  74  9:27  Hydralisk x6  
  98  9:32  Spine Crawler  
  98  9:35  Drone x5  
  102  9:43  Lurker  
  102  9:45  Lurker  
  104  9:47  Lurker x2  
  106  9:52  Hydralisk  
  106  9:53  Hydralisk x6  
  120  10:13  Spine Crawler, Zerg Missile Weapons Level 1  
  119  10:14  Spine Crawler  
  119  10:15  Hydralisk x4  
  119  10:16  Zergling x2  
  119  10:17  Overlord x4  
  126  10:54  Hydralisk x5  
  126  10:55  Hydralisk  
  126  10:56  Zergling x12  
  144  10:57  Overlord x3  
  144  10:58  Overlord x2  
  144  11:11  Lurker x3  
  144  11:13  Hydralisk x5  
  144  11:18  Drone x6  
  163  11:57  Hydralisk x7  
  163  11:58  Hydralisk x7  
  163  11:59  Hydralisk x3  
  192  12:19  Extractor  
  192  12:20  Overlord  
  192  12:21  Drone x4, Extractor  
  194  12:28  Zerg Missile Weapons Level 2, Infestation Pit  
  190  13:00  Evolution Chamber  
  190  13:05  Hive  
  189  13:26  Zerg Melee Weapons Level 1  
  189  14:17  Adaptive Talons  
  189  14:25  Drone  
  189  14:26  Drone x5  
  195  14:44  Zerg Ground Armor Level 1  
  195  14:58  Hatchery  
  181  15:14  Seismic Spines  
  181  15:20  Lurker x4  
  181  15:21  Lurker x2  
  175  15:47  Spire  
  174  15:50  Ultralisk Cavern  
  173  15:57  Zerg Melee Weapons Level 2  
  173  16:20  Extractor x2  
  168  16:38  Zerg Missile Weapons Level 3  
  146  16:54  Hydralisk  
  146  16:55  Hydralisk x7  
  146  16:56  Hydralisk x7  
  146  16:57  Hydralisk x6  
  146  16:58  Hydralisk  
  159  17:58  Chitinous Plating  
  159  18:05  Lurker x3  
  161  18:06  Lurker  
  161  18:07  Zergling x2  
  161  18:08  Zergling x14  
  161  18:09  Zergling x12  
  161  18:10  Zergling x8  
  181  18:27  Zerg Flyer Weapons Level 1  
  181  18:33  Hatchery, Extractor  
  179  18:34  Extractor  
  154  19:17  Anabolic Synthesis  
  154  19:18  Ultralisk x7  
  131  20:17  Hydralisk x7  
  131  20:18  Hydralisk x7  
  131  20:19  Hydralisk x3  
Tags
 
Composition
Lurkers
League
Gold
Matchup
PvZ
Add a new tag
Caveats
  • Supply blocks, unpowered buildings, or Contaminate may cause inaccurate times.
  • Supply counts are checked every 10 seconds.